 Dungeon Crawl Stone Soup version 0.27-a0-242-ge0fc76b88b (webtiles) character file.

Game seed: 3303845176467636235

45 Borgoz the Slasher (level 3, -2/30 HPs)
             Began as a Ghoul Gladiator on Feb 2, 2021.
             Slain by a worker ant (4 damage)
             ... on level 2 of the Dungeon.
             The game lasted 00:01:52 (1336 turns).

Borgoz the Slasher (Ghoul Gladiator)                Turns: 1336, Time: 00:01:53

Health: -2/30      AC:  6    Str: 17    XL:     3   Next: 64%
Magic:  2/2        EV: 12    Int:  3    God:
Gold:   139        SH:  0    Dex: 11    Spells: 2/2 levels left

rFire    . . .     SeeInvis .   a - +0 long sword
rCold    + . .     Faith    .   (no shield)
rNeg     + + +     Spirit   .   b - +0 leather armour
rPois    ∞         Reflect  .   f - +2 helmet
rElec    .         Harm     .   (no cloak)
rCorr    .         Rampage  .   (no gloves)
Will     .....                  (no boots)
Stlth    +.........             (no amulet)
HPRegen  0.00/turn              (no ring)
MPRegen  0.08/turn              (no ring)

@: no status effects
A: claws 1, cold resistance 1, negative energy resistance 3, inhibited
regeneration, torment resistance, unbreathing
a: no special abilities


You were on level 2 of the Dungeon.
You visited 1 branch of the dungeon, and saw 2 of its levels.

You collected 139 gold pieces.

Inventory:

Hand Weapons
 a - a +0 long sword (weapon)
Armour
 b - a +0 leather armour (worn)
 f - a +2 helmet (worn)
Jewellery
 g - an uncursed ring of fire
Scrolls
 e - a scroll of remove curse {unknown}
 h - 3 scrolls of teleportation {unknown}
Potions
 c - a potion of might {unknown}
 i - a potion of degeneration {unknown}
 j - a potion of curing {unknown}
 k - a potion of attraction {unknown}


   Skills:
 + Level 2.5 Fighting
 * Level 3.3 Long Blades
 - Level 1.7 Throwing
 + Level 0.9 Armour
 * Level 3.2 Dodging


You had 2 spell levels left.
You didn't know any spells.
Your spell library was empty.

Dungeon Overview and Level Annotations

Branches:
Dungeon (2/15)

Altars:


Innate Abilities, Weirdness & Mutations

You thrive by killing the living.
You are immune to poison.
You have sharp fingernails.
Your flesh is cold resistant. (rC+)
You are immune to negative energy. (rN+++)
You do not regenerate when monsters are visible.
You are immune to unholy pain and torment.
You can survive without breathing.


Message History

Throw: throwing net
Press: ? - help, Q - select action Shift-Dir - straight line, f/p - worker ant
Aim: a worker ant (lightly wounded, 56% to hit)
You throw a throwing net.
The throwing net barely misses the worker ant.
The worker ant barely misses you.
You hit the worker ant.
The worker ant is lightly wounded.
The worker ant closely misses you.
You riposte.
You slash the worker ant!
The worker ant is heavily wounded.
You barely miss the worker ant.
The worker ant is heavily wounded.
The worker ant misses you.
You riposte.
You closely miss the worker ant.
The worker ant is heavily wounded.
The worker ant misses you.
You riposte.
You barely miss the worker ant.
The worker ant is heavily wounded.
You hit the worker ant.
The worker ant is severely wounded.
The worker ant bites you.
You die...

#(..# #.#####
#.>.# #.# ....#
#.# .... #.#
#..### #.# #....
#.# #).# #.#
..########†.#.#
#.#
#......@B..(#.#
#.#
##########.##.#
#.# #.##.# #.#
###<##.# #.#
##......# #.#
#.......####)####
#..........#....#
#......###.####.#
##.....# #.# #.#


You could see a worker ant.

Vanquished Creatures
  An adder (D:2)
  An ooze (D:1)
  A worm (D:2)
  3 giant cockroaches
  6 goblins
  4 hobgoblins
  3 kobolds (D:1)
  3 bats
  3 frilled lizards
  3 rats
28 creatures vanquished.

Notes
Turn   | Place    | Note
-------+----------+-------------------------------------------
     0 | D:1      | Borgoz the Ghoul Gladiator began the quest for the Orb.
     0 | D:1      | Reached XP level 1. HP: 17/17 MP: 0/0
   281 | D:1      | Reached XP level 2. HP: 24/24 MP: 1/1
  1069 | D:1      | Reached XP level 3. HP: 29/30 MP: 2/2
  1328 | D:2      | HP: 1/30 [adder (2)]
  1336 | D:2      | Slain by a worker ant

Illustrated notes

Levels and vault maps discovered:
D:1:      erik_arrival_cave_to_civilisation [erik_arrival_cave_to_hall],
          layout_loops_ring, grunt_decor_mini_mirrors, minmay_tall_x
D:2:      minmay_chambers_of_ones, layout_loops_ring, uniq_crazy_yiuf_cottage

Skill      XL: |  1  2 |
---------------+-------+-----
Long Blades    | 3 |  3.3
Dodging        | 3 |  3.2
Fighting       | |  2.5
Throwing       | |  1.7
Armour         | |  0.9

Action                   || total
-------------------------++-------
Melee: Long sword        ||    92
Throw: Throwing net      ||     3
Armor: Leather armour    ||    38
Dodge: Dodged            ||    70
       Rpst.: Long sword ||    23

Table legend: (Time is in decaauts)
 A = Elapsed time spent in this place.
 B = Non-inter-level travel time spent in this place.
 C = Inter-level travel time spent in this place.
 D = Time resting spent in this place.
 E = Time spent auto-exploring this place.
 F = Levels seen in this place.
 G = Mean time per level.
                   A        B        C        D        E       F      G
               +--------+--------+--------+--------+--------+-----+--------+
         Total |   1356 |   1331 |     25 |    212 |    898 |   2 |  678.0 |
       Dungeon |   1356 |   1331 |     25 |    212 |    898 |   2 |  678.0 |
               +--------+--------+--------+--------+--------+-----+--------+

Top non-repeatable levels by time:
     D:1: 1184 daAuts
     D:2: 171 daAuts
